Islanders vs Maple Leafs
Created - December 20, 2024 at 19:45
Goals
|
Islanders |
1 |
0 |
1 |
2 |
Maple Leafs |
2 |
3 |
2 |
7 |
|
Shots
|
Islanders |
6 |
6 |
8 |
20 |
Maple Leafs |
12 |
15 |
9 |
36 |
|
1st period
1. Maple Leafs , Luke Schenn 3 (Valentin Zykov 6, Pontus Aberg 5) at 6:48
2. Islanders , Brandon Sutter 12 (Ryan Ellis 19, Kellan Lain 10) at 11:21 (PP)
3. Maple Leafs , Jon Merrill 1 (Jason Zucker 6, Zach Werenski 21) at 12:48 (PP)
Penalties :
Jon Merrill (TOR) for Slashing (Minor) at 10:40, Brady Skjei (NyI) for Holding (Minor) at 12:17, Brock McGinn (NyI) for Tripping (Minor) at 19:07
2nd period
4. Maple Leafs , Bo Horvat 9 (Andre Burakovsky 20, John Klingberg 11) at 4:20 (PP)
5. Maple Leafs , William Nylander 8 (Elias Pettersson 11) at 10:15 (PP)
6. Maple Leafs , Zach Werenski 8 (Evander Kane 26, Bo Horvat 17) at 18:14 (PP)
Penalties :
Brandon Sutter (NyI) for Diving (Minor) at 3:12, Kellan Lain (NyI) for Delaying the game (Minor) at 4:35, Brady Skjei (NyI) for Roughing (Minor) at 9:27, Brock McGinn (NyI) for Slashing (Minor) at 17:23, Brady Skjei (NyI) for Tripping (Minor) at 18:46
3rd period
7. Islanders , Vladimir Tarasenko 14 (Brayden Schenn 21, Brock McGinn 14) at 2:58 (PP)
8. Maple Leafs , Pontus Aberg 5 (Valentin Zykov 7, Elias Lindholm 8) at 11:52
9. Maple Leafs , Elias Pettersson 14 (Jon Merrill 8, William Nylander 7) at 13:16 (PP)
Penalties :
Luke Schenn (TOR) for Cross-checking (Minor) at 2:41, Garnet Hathaway (NyI) for Cross-checking (Minor) at 12:24, Brayden Schenn (NyI) for Holding (Minor) at 16:04
Goalie Stats
Joonas Korpisalo (NyI), 29 saves from 36 shots - (0.806), L, 1-5-0, 60:00 minutes
Kristers Gudlevskis (TOR), 18 saves from 20 shots - (0.900), W, 14-3-2, 60:00 minutes
Players Stats for Islanders
Player Name G A P +/- PIM S H SB GA TA FO MP PP MP PK MP
------------------------------------------------------------------------------------
Brady Skjei 0 0 0 0 6 2 1 1 0 0 0/0 27:29 0:41 5:16
Brandon Sutter 1 0 1 0 2 3 2 1 1 0 8/12 18:07 0:17 5:05
Brayden Schenn 0 1 1 -2 2 0 0 2 0 3 23/39 23:29 0:41 7:24
Brian Ferlin 0 0 0 0 0 0 1 0 0 0 0/1 9:26 0:00 0:00
Brock McGinn 0 1 1 -2 4 3 0 0 0 0 0/0 20:46 0:41 5:39
Dylan McIlrath 0 0 0 -1 0 1 0 0 0 0 0/0 11:20 0:00 0:31
Emerson Etem 0 0 0 0 0 0 0 0 1 0 1/1 12:18 0:00 2:59
Gabriel Carlsson 0 0 0 -1 0 0 0 0 0 0 0/0 10:49 0:00 0:00
Garnet Hathaway 0 0 0 0 2 1 2 0 1 0 1/1 12:55 0:17 0:00
Jamie Arniel 0 0 0 0 0 2 0 0 0 0 1/4 10:40 0:00 0:58
Jason Akeson 0 0 0 0 0 0 0 0 1 0 0/0 9:19 0:00 0:00
Kellan Lain 0 1 1 0 2 1 0 0 0 0 0/1 16:00 0:17 1:54
Nikita Zadorov 0 0 0 -1 0 1 1 1 1 1 0/0 18:27 0:17 3:48
Pavel Kraskovsky 0 0 0 0 0 1 3 0 0 0 2/2 9:38 0:00 0:12
Ryan Ellis 0 1 1 0 0 1 4 3 1 2 0/0 30:44 0:41 8:18
Sergei Plotnikov 0 0 0 0 0 1 1 0 1 0 0/0 10:31 0:00 0:01
Vladimir Tarasenko 1 0 1 -2 0 2 0 0 1 0 1/1 14:37 0:41 0:00
Yann Sauvé 0 0 0 -1 0 1 0 1 0 1 0/0 21:10 0:17 6:19
Players Stats for Maple Leafs
Player Name G A P +/- PIM S H SB GA TA FO MP PP MP PK MP
------------------------------------------------------------------------------------
Andre Burakovsky 0 1 1 0 0 3 4 0 0 0 1/3 23:26 7:23 0:00
Bo Horvat 1 1 2 0 0 2 1 0 1 0 12/33 19:42 7:57 0:07
Brandon Saad 0 0 0 0 0 0 0 0 0 0 0/0 8:48 0:00 0:51
Brendan Guhle 0 0 0 1 0 0 1 2 0 0 0/0 11:41 0:00 0:41
Elias Lindholm 0 1 1 2 0 0 0 1 0 1 1/5 11:15 0:00 0:00
Elias Pettersson 1 1 2 0 0 3 1 0 1 1 7/16 20:15 4:09 0:00
Evander Kane 0 1 1 0 0 4 2 2 1 2 1/2 23:40 7:30 0:07
Haydn Fleury 0 0 0 1 0 1 0 0 0 0 0/0 11:58 0:00 0:58
Jason Zucker 0 1 1 0 0 3 2 0 1 1 1/1 16:17 4:36 0:00
John Klingberg 0 1 1 1 0 5 2 3 0 0 0/0 27:58 8:14 0:00
Jon Merrill 1 1 2 0 2 1 2 0 1 1 0/0 20:20 3:52 0:17
Luke Schenn 1 0 1 0 2 1 1 0 0 0 0/0 17:55 3:52 0:00
Nicholas Baptiste 0 0 0 0 0 2 0 0 0 0 0/0 7:57 0:00 0:00
Patrice Cormier 0 0 0 0 0 0 1 0 0 0 2/2 8:48 0:00 0:51
Pontus Aberg 1 1 2 2 0 1 0 0 0 0 0/0 11:22 0:07 0:00
Valentin Zykov 0 2 2 2 0 2 0 0 0 0 0/0 11:15 0:00 0:00
William Nylander 1 1 2 0 0 4 1 0 1 0 0/0 16:17 4:36 0:00
Zach Werenski 1 1 2 1 0 4 4 2 1 2 0/0 30:06 8:14 0:00
3 Stars
1 - Zach Werenski (TOR)
2 - Pontus Aberg (TOR)
3 - William Nylander (TOR)
Power Play
Islanders - 2 on 2 Attempt(s) - 100.00%
Maple Leafs - 5 on 9 Attempt(s) - 55.56%
Penalty Kill
Islanders - 4 on 9 Attempt(s) - 44.44%
- Score 0 goal in Penalty Kill
Maple Leafs - 0 on 2 Attempt(s) - 0.00%
- Score 0 goal in Penalty Kill
Team Stat
Islanders - Hits : 15 - Faceoff Wins : 37 - Blocked Shots : 9 - Penalty Minutes : 18
Maple Leafs - Hits : 22 - Faceoff Wins : 25 - Blocked Shots : 10 - Penalty Minutes : 4
Official
Referees : Dean Morton and Dan O'Rourke
Linesman : Mark Shewchyk and Tyson Baker
Game Notes
No Game Note
Finance
Level 1 -- Attendance: 5449 (90.82%) -- Ticket Income $544,900
Level 2 -- Attendance: 4576 (91.52%) -- Ticket Income $320,320
Level 3 -- Attendance: 1971 (98.55%) -- Ticket Income $78,840
Level 4 -- Attendance: 4000 (100.00%) -- Ticket Income $120,000
Luxury Box -- Attendance: 893 (89.30%) -- Ticket Income $178,600
Game was played at the Scotiabank Arena.
Total Attendance: 16889 (93.83%)
Total Ticket Income: $1,242,660
Other Income: $186,399
Total Income: $1,429,059
Islanders
5 vs 5 Forward
Center Left Wing Right Wing Time % Phy DF OF
1 Brayden Schenn Brock McGinn Vladimir Tarasenko 40 1 2 2
2 Brandon Sutter Kellan Lain Garnet Hathaway 30 1 2 2
3 Jamie Arniel Emerson Etem Jason Akeson 20 1 2 2
4 Pavel Kraskovsky Sergei Plotnikov Brian Ferlin 10 1 2 2
5 vs 5 Defense
Defense Defense Time % Phy DF OF
1 Brady Skjei Ryan Ellis 40 1 2 2
2 Nikita Zadorov Yann Sauvé 30 1 2 2
3 Dylan McIlrath Gabriel Carlsson 20 1 2 2
4 Brady Skjei Ryan Ellis 10 1 2 2
PowerPlay Forward
Center Left Wing Right Wing Time % Phy DF OF
1 Brayden Schenn Brock McGinn Vladimir Tarasenko 60 1 2 2
2 Brandon Sutter Kellan Lain Garnet Hathaway 40 1 2 2
PowerPlay Defense
Defense Defense Time % Phy DF OF
1 Brady Skjei Ryan Ellis 60 1 2 2
2 Nikita Zadorov Yann Sauvé 40 1 2 2
Penalty Kill 4 Players Forward
Center Wing Time % Phy DF OF
1 Brayden Schenn Brock McGinn 60 1 2 2
2 Brandon Sutter Kellan Lain 40 1 2 2
Penalty Kill 4 Players Defense
Defense Defense Time % Phy DF OF
1 Brady Skjei Ryan Ellis 60 1 2 2
2 Nikita Zadorov Yann Sauvé 40 1 2 2
Penalty Kill - 3 Players Forward
Forward Time % Phy DF OF
1 Brayden Schenn 60 1 2 2
2 Brandon Sutter 40 1 2 2
Penalty Kill - 3 Players Defense
Defense Defense Time % Phy DF OF
1 Brady Skjei Ryan Ellis 60 1 2 2
2 Nikita Zadorov Yann Sauvé 40 1 2 2
4 vs 4 Forward
Center Wing Time % Phy DF OF
1 Brayden Schenn Brock McGinn 60 1 2 2
2 Brandon Sutter Kellan Lain 40 1 2 2
4 vs 4 Defense
Defense Defense Time % Phy DF OF
1 Brady Skjei Ryan Ellis 60 1 2 2
2 Nikita Zadorov Yann Sauvé 40 1 2 2
Last Minutes Offensive
Center Left Wing Right Wing Defense Defense
Brayden Schenn Brock McGinn Vladimir Tarasenko Brady Skjei Ryan Ellis
Last Minutes Defensive
Center Left Wing Right Wing Defense Defense
Brayden Schenn Brock McGinn Vladimir Tarasenko Brady Skjei Ryan Ellis
Goaltenders
Starting : Joonas Korpisalo
Backup : Tyler Weiman
Extra Forwards
Normal : Brandon Sutter, Garnet Hathaway, Jason Akeson - PP : Brandon Sutter, Garnet Hathaway - PK : Brandon Sutter
Extra Defensemen
Normal : Yann Sauvé, Dylan McIlrath, Gabriel Carlsson - PP : Yann Sauvé - PK : Yann Sauvé, Dylan McIlrath
Penalty Shots
Vladimir Tarasenko, Brayden Schenn, Brock McGinn, Kellan Lain, Brandon Sutter
Custom OT Lines Forwards
Vladimir Tarasenko, Brayden Schenn, Brock McGinn, Kellan Lain, Brandon Sutter, Garnet Hathaway, Jason Akeson, Emerson Etem, Jamie Arniel, Brian Ferlin
Custom OT Lines Defensemen
Brady Skjei, Ryan Ellis, Nikita Zadorov, Yann Sauvé, Dylan McIlrath
Scratches
Jordan Greenway (Healthy), Michael Latta (Healthy)
Maple Leafs
5 vs 5 Forward
Center Left Wing Right Wing Time % Phy DF OF
1 Elias Pettersson Evander Kane Andre Burakovsky 40 1 2 2
2 Bo Horvat Jason Zucker William Nylander 30 1 2 2
3 Elias Lindholm Valentin Zykov Pontus Aberg 20 1 2 2
4 Patrice Cormier Brandon Saad Nicholas Baptiste 10 1 2 2
5 vs 5 Defense
Defense Defense Time % Phy DF OF
1 Zach Werenski John Klingberg 40 1 2 2
2 Jon Merrill Luke Schenn 30 1 2 2
3 Haydn Fleury Brendan Guhle 20 1 2 2
4 Zach Werenski Jon Merrill 10 1 2 2
PowerPlay Forward
Center Left Wing Right Wing Time % Phy DF OF
1 Bo Horvat Evander Kane Andre Burakovsky 60 1 2 2
2 Elias Pettersson Jason Zucker William Nylander 40 1 2 2
PowerPlay Defense
Defense Defense Time % Phy DF OF
1 Zach Werenski John Klingberg 60 1 2 2
2 Jon Merrill Luke Schenn 40 1 2 2
Penalty Kill 4 Players Forward
Center Wing Time % Phy DF OF
1 Patrice Cormier Brandon Saad 60 1 2 2
2 Bo Horvat Evander Kane 40 1 2 2
Penalty Kill 4 Players Defense
Defense Defense Time % Phy DF OF
1 Haydn Fleury Jon Merrill 60 1 2 2
2 Brendan Guhle Luke Schenn 40 1 2 2
Penalty Kill - 3 Players Forward
Forward Time % Phy DF OF
1 Evander Kane 60 1 2 2
2 Bo Horvat 40 1 2 2
Penalty Kill - 3 Players Defense
Defense Defense Time % Phy DF OF
1 Haydn Fleury Jon Merrill 60 1 2 2
2 Brendan Guhle Luke Schenn 40 1 2 2
4 vs 4 Forward
Center Wing Time % Phy DF OF
1 Bo Horvat Evander Kane 60 1 2 2
2 Elias Pettersson Andre Burakovsky 40 1 2 2
4 vs 4 Defense
Defense Defense Time % Phy DF OF
1 Zach Werenski Jon Merrill 60 1 2 2
2 John Klingberg Luke Schenn 40 1 2 2
Last Minutes Offensive
Center Left Wing Right Wing Defense Defense
Bo Horvat Evander Kane Andre Burakovsky Zach Werenski John Klingberg
Last Minutes Defensive
Center Left Wing Right Wing Defense Defense
Patrice Cormier Evander Kane Andre Burakovsky Jon Merrill Haydn Fleury
Goaltenders
Starting : Kristers Gudlevskis
Backup : Carter Hutton
Extra Forwards
Normal : William Nylander, Elias Pettersson, Evander Kane - PP : William Nylander, Jason Zucker - PK : Bo Horvat
Extra Defensemen
Normal : Haydn Fleury, Zach Werenski, John Klingberg - PP : Haydn Fleury - PK : Brendan Guhle, John Klingberg
Penalty Shots
Evander Kane, Elias Pettersson, Andre Burakovsky, Bo Horvat, Jason Zucker
Custom OT Lines Forwards
Evander Kane, Bo Horvat, Andre Burakovsky, William Nylander, Elias Pettersson, Jason Zucker, Elias Lindholm, Brandon Saad, Valentin Zykov, Pontus Aberg
Custom OT Lines Defensemen
Zach Werenski, Jon Merrill, John Klingberg, Luke Schenn, Haydn Fleury
Scratches
None
% Time on Ice - Islanders
Lines # - Real PCT - Wanted PCT - Time Play
Normal Forward
1 - 33% - 40% - 15:25
2 - 27% - 30% - 12:46
3 - 20% - 20% - 9:19
4 - 20% - 10% - 9:26
Normal Defense
1 - 42% - 40% - 19:52
2 - 31% - 30% - 14:22
3 - 23% - 20% - 10:49
4 - 4% - 10% - 1:53
PP Forward
1 - 71% - 60% - 0:41
2 - 29% - 40% - 0:17
PP Defense
1 - 71% - 60% - 0:41
2 - 29% - 40% - 0:17
PK Forward
1 - 79% - 60% - 9:31
2 - 21% - 40% - 2:35
PK Defense
1 - 69% - 60% - 8:18
2 - 31% - 40% - 3:48
PK3 Forward
1 - 0% - 60%
2 - 0% - 40%
PK3 Defense
1 - 0% - 60%
2 - 0% - 40%
44 Forward
1 - 0% - 60%
2 - 0% - 40%
44 Defense
1 - 0% - 60%
2 - 0% - 40%
Last Minute Offensive - 0:00
Last Minute Defensive - 0:00
Total
Forward - 60:00
Defense - 60:00
|
% Time on Ice - Maple Leafs
Lines # - Real PCT - Wanted PCT - Time Play
Normal Forward
1 - 34% - 40% - 16:03
2 - 25% - 30% - 11:41
3 - 24% - 20% - 11:15
4 - 17% - 10% - 7:57
Normal Defense
1 - 42% - 40% - 19:44
2 - 30% - 30% - 14:04
3 - 23% - 20% - 11:00
4 - 5% - 10% - 2:08
PP Forward
1 - 62% - 60% - 7:30
2 - 38% - 40% - 4:36
PP Defense
1 - 68% - 60% - 8:14
2 - 32% - 40% - 3:52
PK Forward
1 - 88% - 60% - 0:51
2 - 12% - 40% - 0:07
PK Defense
1 - 100% - 60% - 0:58
2 - 0% - 40% - 0:00
PK3 Forward
1 - 0% - 60%
2 - 0% - 40%
PK3 Defense
1 - 0% - 60%
2 - 0% - 40%
44 Forward
1 - 0% - 60%
2 - 0% - 40%
44 Defense
1 - 0% - 60%
2 - 0% - 40%
Last Minute Offensive - 0:00
Last Minute Defensive - 0:00
Total
Forward - 60:00
Defense - 60:00
|
Play-by-Play
1st period
0:01 of 1st period - Elias Pettersson wins face-off versus Brayden Schenn in neutral zone.
0:12 of 1st period - Snap shot by Brayden Schenn.
0:12 of 1st period - Shot Misses the Net.
0:15 of 1st period - Icing by Zach Werenski.
0:16 of 1st period - Elias Pettersson wins face-off versus Kellan Lain in Maple Leafs zone.
0:25 of 1st period - Slapshot by Zach Werenski.
0:25 of 1st period - Stopped by Joonas Korpisalo with a rebound.
1:11 of 1st period - Wrist shot by Valentin Zykov.
1:11 of 1st period - Shot Blocked by Brayden Schenn.
1:53 of 1st period - Brandon Sutter is hit by Evander Kane and loses puck.
2:03 of 1st period - Icing by Haydn Fleury.
2:04 of 1st period - Bo Horvat wins face-off versus Jamie Arniel in Maple Leafs zone.
2:06 of 1st period - Icing by Jason Zucker.
2:07 of 1st period - Bo Horvat wins face-off versus Jamie Arniel in Maple Leafs zone.
2:59 of 1st period - Wrist shot by Evander Kane.
2:59 of 1st period - Stopped by Joonas Korpisalo with a rebound.
3:05 of 1st period - Haydn Fleury is hit by Garnet Hathaway and loses puck.
3:26 of 1st period - Wrist shot by Sergei Plotnikov.
3:26 of 1st period - Shot Misses the Net.
4:24 of 1st period - Wrist shot by Evander Kane.
4:24 of 1st period - Stopped by Joonas Korpisalo without a rebound.
4:25 of 1st period - Elias Pettersson wins face-off versus Brandon Sutter in Islanders zone.
4:26 of 1st period - Slapshot by Evander Kane.
4:26 of 1st period - Shot Misses the Net.
6:06 of 1st period - Slapshot by Zach Werenski.
6:06 of 1st period - Shot Blocked by Ryan Ellis.
6:27 of 1st period - Brayden Schenn is hit by Bo Horvat and loses puck.
6:42 of 1st period - Snap shot by Valentin Zykov.
6:42 of 1st period - Shot Blocked by Yann Sauvé.
6:46 of 1st period - Wrist shot by Valentin Zykov.
6:46 of 1st period - Stopped by Joonas Korpisalo with a rebound.
6:48 of 1st period - Wrist shot by Luke Schenn.
6:48 of 1st period - Deflect By Brock McGinn.
6:48 of 1st period - Goal by Luke Schenn - Islanders : 0 - Maple Leafs : 1.
6:49 of 1st period - Brandon Sutter wins face-off versus Elias Pettersson in neutral zone.
7:40 of 1st period - Slapshot by Brady Skjei.
7:40 of 1st period - Shot Misses the Net.
8:02 of 1st period - Slapshot by Elias Lindholm.
8:02 of 1st period - Shot Misses the Net.
9:27 of 1st period - John Klingberg is hit by Ryan Ellis and loses puck.
9:44 of 1st period - Brandon Sutter is hit by John Klingberg and loses puck.
10:02 of 1st period - Icing by Patrice Cormier.
10:03 of 1st period - Brayden Schenn wins face-off versus Bo Horvat in Maple Leafs zone.
10:40 of 1st period - Minor Penalty to Jon Merrill for Slashing.
10:41 of 1st period - Patrice Cormier wins face-off versus Brayden Schenn in Maple Leafs zone.
11:17 of 1st period - Slapshot by Ryan Ellis.
11:17 of 1st period - Stopped by Kristers Gudlevskis with a rebound.
11:21 of 1st period - Slapshot by Ryan Ellis.
11:21 of 1st period - Deflect By Brandon Sutter.
11:21 of 1st period - Goal by Brandon Sutter - Islanders : 1 - Maple Leafs : 1.
11:22 of 1st period - Brayden Schenn wins face-off versus Elias Pettersson in neutral zone.
11:29 of 1st period - Snap shot by Brock McGinn.
11:29 of 1st period - Shot Misses the Net.
12:01 of 1st period - Slapshot by Jamie Arniel.
12:01 of 1st period - Deflect By Jon Merrill.
12:01 of 1st period - Shot Misses the Net.
12:01 of 1st period - Puck is out of play.
12:02 of 1st period - Brayden Schenn wins face-off versus Bo Horvat in Maple Leafs zone.
12:02 of 1st period - Brayden Schenn is hit by Zach Werenski.
12:17 of 1st period - Minor Penalty to Brady Skjei for Holding.
12:18 of 1st period - Brayden Schenn wins face-off versus Bo Horvat in Islanders zone.
12:30 of 1st period - Snap shot by Andre Burakovsky.
12:30 of 1st period - Shot Misses the Net.
12:32 of 1st period - Slapshot by Zach Werenski.
12:32 of 1st period - Stopped by Joonas Korpisalo with a rebound.
12:34 of 1st period - Snap shot by Andre Burakovsky.
12:34 of 1st period - Shot Misses the Net.
12:46 of 1st period - Wrist shot by Jason Zucker.
12:46 of 1st period - Shot Misses the Net.
12:48 of 1st period - Slapshot by Jon Merrill.
12:48 of 1st period - Goal by Jon Merrill - Islanders : 1 - Maple Leafs : 2.
12:49 of 1st period - Vladimir Tarasenko wins face-off versus Elias Pettersson in neutral zone.
12:52 of 1st period - Snap shot by Brock McGinn.
12:52 of 1st period - Stopped by Kristers Gudlevskis without a rebound.
12:53 of 1st period - Elias Pettersson wins face-off versus Brayden Schenn in Maple Leafs zone.
12:58 of 1st period - Brayden Schenn is hit by Andre Burakovsky and loses puck.
13:19 of 1st period - Slapshot by Luke Schenn.
13:19 of 1st period - Shot Misses the Net.
13:23 of 1st period - Wrist shot by William Nylander.
13:23 of 1st period - Stopped by Joonas Korpisalo without a rebound.
13:24 of 1st period - Jason Zucker wins face-off versus Brandon Sutter in Islanders zone.
13:33 of 1st period - Snap shot by William Nylander.
13:33 of 1st period - Stopped by Joonas Korpisalo with a rebound.
13:35 of 1st period - Wrist shot by John Klingberg.
13:35 of 1st period - Stopped by Joonas Korpisalo with a rebound.
13:37 of 1st period - Slapshot by John Klingberg.
13:37 of 1st period - Deflect By Kellan Lain.
13:37 of 1st period - Stopped by Joonas Korpisalo without a rebound.
13:38 of 1st period - Brayden Schenn wins face-off versus Andre Burakovsky in Islanders zone.
14:17 of 1st period - Snap shot by Jamie Arniel.
14:17 of 1st period - Stopped by Kristers Gudlevskis with a rebound.
14:19 of 1st period - Wrist shot by Emerson Etem.
14:19 of 1st period - Shot Blocked by Evander Kane.
14:51 of 1st period - Slapshot by Andre Burakovsky.
14:51 of 1st period - Shot Misses the Net.
16:17 of 1st period - Snap shot by Elias Pettersson.
16:17 of 1st period - Shot Misses the Net.
16:19 of 1st period - Backhand shot by Andre Burakovsky.
16:19 of 1st period - Shot Misses the Net.
16:21 of 1st period - Slapshot by Luke Schenn.
16:21 of 1st period - Shot Misses the Net.
16:23 of 1st period - Wrist shot by Evander Kane.
16:23 of 1st period - Shot Misses the Net.
16:25 of 1st period - Slapshot by Andre Burakovsky.
16:25 of 1st period - Stopped by Joonas Korpisalo without a rebound.
16:26 of 1st period - Brayden Schenn wins face-off versus Bo Horvat in Islanders zone.
17:17 of 1st period - John Klingberg is hit by Pavel Kraskovsky and loses puck.
17:28 of 1st period - Brady Skjei is hit by Zach Werenski and loses puck.
17:35 of 1st period - John Klingberg is hit by Pavel Kraskovsky and loses puck.
18:03 of 1st period - Brendan Guhle is hit by Brian Ferlin.
18:16 of 1st period - Snap shot by Sergei Plotnikov.
18:16 of 1st period - Stopped by Kristers Gudlevskis with a rebound.
18:52 of 1st period - Wrist shot by Brian Ferlin.
18:52 of 1st period - Shot Blocked by Brendan Guhle.
18:56 of 1st period - Snap shot by Pavel Kraskovsky.
18:56 of 1st period - Stopped by Kristers Gudlevskis without a rebound.
18:57 of 1st period - Bo Horvat wins face-off versus Brayden Schenn in Maple Leafs zone.
19:07 of 1st period - Minor Penalty to Brock McGinn for Tripping.
19:08 of 1st period - Bo Horvat wins face-off versus Brayden Schenn in Islanders zone.
19:22 of 1st period - Ryan Ellis is hit by William Nylander and loses puck.
Goals for this period are 1 for Islanders vs 2 for Maple Leafs.
Shots for this period are 6 for Islanders vs 12 for Maple Leafs.
2nd period
0:01 of 2nd period - Bo Horvat wins face-off versus Brayden Schenn in neutral zone.
0:05 of 2nd period - Slapshot by John Klingberg.
0:05 of 2nd period - Shot Misses the Net.
0:09 of 2nd period - Slapshot by Zach Werenski.
0:09 of 2nd period - Stopped by Joonas Korpisalo without a rebound.
0:10 of 2nd period - Bo Horvat wins face-off versus Brayden Schenn in Islanders zone.
0:13 of 2nd period - Snap shot by Evander Kane.
0:13 of 2nd period - Stopped by Joonas Korpisalo without a rebound.
0:14 of 2nd period - Bo Horvat wins face-off versus Brayden Schenn in Islanders zone.
0:17 of 2nd period - Snap shot by Evander Kane.
0:17 of 2nd period - Shot Misses the Net.
0:21 of 2nd period - Snap shot by Andre Burakovsky.
0:21 of 2nd period - Stopped by Joonas Korpisalo with a rebound.
0:53 of 2nd period - Brayden Schenn is hit by Zach Werenski and loses puck.
1:06 of 2nd period - Jon Merrill is hit by Brandon Sutter and loses puck.
1:07 of 2nd period - Penalty to Brock McGinn is over, Brock McGinn is back on ice.
2:59 of 2nd period - John Klingberg is hit by Garnet Hathaway and loses puck.
3:04 of 2nd period - Slapshot by Bo Horvat.
3:04 of 2nd period - Shot Misses the Net.
3:06 of 2nd period - Snap shot by William Nylander.
3:06 of 2nd period - Deflect By Jason Zucker.
3:06 of 2nd period - Stopped by Joonas Korpisalo with a rebound.
3:12 of 2nd period - Minor Penalty to Brandon Sutter for Diving.
3:13 of 2nd period - Brayden Schenn wins face-off versus Bo Horvat in Islanders zone.
3:21 of 2nd period - Off-side.
3:22 of 2nd period - Brayden Schenn wins face-off versus Bo Horvat in neutral zone.
3:25 of 2nd period - John Klingberg is hit by Ryan Ellis and loses puck.
3:34 of 2nd period - Wrist shot by Andre Burakovsky.
3:34 of 2nd period - Shot Blocked by Brayden Schenn.
3:36 of 2nd period - Snap shot by Zach Werenski.
3:36 of 2nd period - Shot Blocked by Ryan Ellis.
3:38 of 2nd period - Slapshot by John Klingberg.
3:38 of 2nd period - Stopped by Joonas Korpisalo with a rebound.
3:40 of 2nd period - Slapshot by Evander Kane.
3:40 of 2nd period - Shot Misses the Net.
3:56 of 2nd period - Wrist shot by Evander Kane.
3:56 of 2nd period - Stopped by Joonas Korpisalo with a rebound.
4:18 of 2nd period - Snap shot by Andre Burakovsky.
4:18 of 2nd period - Stopped by Joonas Korpisalo with a rebound.
4:20 of 2nd period - Wrist shot by Bo Horvat.
4:20 of 2nd period - Goal by Bo Horvat - Islanders : 1 - Maple Leafs : 3.
4:21 of 2nd period - Brandon Sutter wins face-off versus Elias Lindholm in neutral zone.
4:26 of 2nd period - Slapshot by Brady Skjei.
4:26 of 2nd period - Stopped by Kristers Gudlevskis with a rebound.
4:35 of 2nd period - Minor Penalty to Kellan Lain for Delaying the game.
4:36 of 2nd period - Brayden Schenn wins face-off versus Bo Horvat in Islanders zone.
4:59 of 2nd period - Icing by Bo Horvat.
5:00 of 2nd period - Brandon Sutter wins face-off versus Bo Horvat in Maple Leafs zone.
5:05 of 2nd period - Backhand shot by Brandon Sutter.
5:05 of 2nd period - Shot Blocked by John Klingberg.
5:07 of 2nd period - Slapshot by Ryan Ellis.
5:07 of 2nd period - Shot Blocked by John Klingberg.
5:09 of 2nd period - Slapshot by Ryan Ellis.
5:09 of 2nd period - Shot Blocked by Evander Kane.
5:11 of 2nd period - Snap shot by Brock McGinn.
5:11 of 2nd period - Stopped by Kristers Gudlevskis with a rebound.
6:35 of 2nd period - Penalty to Kellan Lain is over, Kellan Lain is back on ice.
6:47 of 2nd period - Snap shot by Kellan Lain.
6:47 of 2nd period - Shot Misses the Net.
7:38 of 2nd period - Wrist shot by Brayden Schenn.
7:38 of 2nd period - Deflect By Kellan Lain.
7:38 of 2nd period - Shot Misses the Net.
7:38 of 2nd period - Puck is out of play.
7:39 of 2nd period - Elias Pettersson wins face-off versus Jamie Arniel in Maple Leafs zone.
7:55 of 2nd period - Off-side.
7:56 of 2nd period - Jamie Arniel wins face-off versus Bo Horvat in neutral zone.
8:23 of 2nd period - Elias Pettersson is hit by Brady Skjei and loses puck.
8:59 of 2nd period - Wrist shot by Nicholas Baptiste.
8:59 of 2nd period - Stopped by Joonas Korpisalo with a rebound.
9:21 of 2nd period - Slapshot by William Nylander.
9:21 of 2nd period - Shot Misses the Net.
9:27 of 2nd period - Minor Penalty to Brady Skjei for Roughing.
9:28 of 2nd period - Brayden Schenn wins face-off versus Bo Horvat in Islanders zone.
9:28 of 2nd period - Brayden Schenn is hit by Evander Kane.
9:40 of 2nd period - Backhand shot by Zach Werenski.
9:40 of 2nd period - Shot Misses the Net.
9:42 of 2nd period - Wrist shot by Evander Kane.
9:42 of 2nd period - Deflect By Ryan Ellis.
9:42 of 2nd period - Shot Misses the Net.
9:42 of 2nd period - Puck is out of play.
9:43 of 2nd period - Brayden Schenn wins face-off versus Bo Horvat in Islanders zone.
10:08 of 2nd period - Ryan Ellis is hit by Jason Zucker and loses puck.
10:15 of 2nd period - Slapshot by William Nylander.
10:15 of 2nd period - Goal by William Nylander - Islanders : 1 - Maple Leafs : 4.
10:16 of 2nd period - Brayden Schenn wins face-off versus Bo Horvat in neutral zone.
10:27 of 2nd period - Slapshot by Zach Werenski.
10:27 of 2nd period - Shot Misses the Net.
10:29 of 2nd period - Slapshot by John Klingberg.
10:29 of 2nd period - Stopped by Joonas Korpisalo with a rebound.
10:53 of 2nd period - Snap shot by Bo Horvat.
10:53 of 2nd period - Shot Misses the Net.
10:55 of 2nd period - Slapshot by John Klingberg.
10:55 of 2nd period - Shot Hit the Post.
10:57 of 2nd period - Wrist shot by John Klingberg.
10:57 of 2nd period - Deflect By William Nylander.
10:57 of 2nd period - Shot Misses the Net.
10:57 of 2nd period - Puck is out of play.
10:58 of 2nd period - Elias Pettersson wins face-off versus Brayden Schenn in Islanders zone.
11:07 of 2nd period - Wrist shot by Andre Burakovsky.
11:07 of 2nd period - Shot Misses the Net.
11:22 of 2nd period - Icing by Brady Skjei.
11:23 of 2nd period - Garnet Hathaway wins face-off versus Elias Lindholm in Islanders zone.
11:36 of 2nd period - Wrist shot by Garnet Hathaway.
11:36 of 2nd period - Stopped by Kristers Gudlevskis with a rebound.
11:38 of 2nd period - Slapshot by Brady Skjei.
11:38 of 2nd period - Stopped by Kristers Gudlevskis with a rebound.
11:50 of 2nd period - Snap shot by Jason Akeson.
11:50 of 2nd period - Shot Blocked by John Klingberg.
11:52 of 2nd period - Slapshot by Nikita Zadorov.
11:52 of 2nd period - Stopped by Kristers Gudlevskis without a rebound.
11:53 of 2nd period - Emerson Etem wins face-off versus Elias Pettersson in Maple Leafs zone.
13:07 of 2nd period - Slapshot by John Klingberg.
13:07 of 2nd period - Shot Blocked by Nikita Zadorov.
13:09 of 2nd period - Slapshot by John Klingberg.
13:09 of 2nd period - Stopped by Joonas Korpisalo with a rebound.
13:11 of 2nd period - Snap shot by Evander Kane.
13:11 of 2nd period - Shot Blocked by Brandon Sutter.
14:04 of 2nd period - Garnet Hathaway is hit by Jon Merrill.
14:08 of 2nd period - Brandon Sutter is hit by Jon Merrill and loses puck.
14:29 of 2nd period - Wrist shot by Emerson Etem.
14:29 of 2nd period - Shot Blocked by Elias Lindholm.
14:31 of 2nd period - Snap shot by Dylan McIlrath.
14:31 of 2nd period - Stopped by Kristers Gudlevskis with a rebound.
14:41 of 2nd period - Brady Skjei is hit by Luke Schenn and loses puck.
15:04 of 2nd period - Snap shot by Jason Zucker.
15:04 of 2nd period - Deflect By William Nylander.
15:04 of 2nd period - Shot Blocked by Ryan Ellis.
15:04 of 2nd period - Puck is out of play.
15:05 of 2nd period - Bo Horvat wins face-off versus Brayden Schenn in Islanders zone.
15:37 of 2nd period - Gabriel Carlsson is hit by Andre Burakovsky and loses puck.
16:34 of 2nd period - Brian Ferlin is hit by Zach Werenski.
16:41 of 2nd period - Icing by William Nylander.
16:42 of 2nd period - Brandon Sutter wins face-off versus Bo Horvat in Maple Leafs zone.
16:48 of 2nd period - Icing by Zach Werenski.
16:49 of 2nd period - Brandon Sutter wins face-off versus Bo Horvat in Maple Leafs zone.
17:06 of 2nd period - Wrist shot by Bo Horvat.
17:06 of 2nd period - Stopped by Joonas Korpisalo with a rebound.
17:10 of 2nd period - Snap shot by Jason Zucker.
17:10 of 2nd period - Stopped by Joonas Korpisalo without a rebound.
17:11 of 2nd period - Brayden Schenn wins face-off versus Evander Kane in Islanders zone.
17:23 of 2nd period - Minor Penalty to Brock McGinn for Slashing.
17:24 of 2nd period - Bo Horvat wins face-off versus Brayden Schenn in Islanders zone.
18:14 of 2nd period - Slapshot by Zach Werenski.
18:14 of 2nd period - Goal by Zach Werenski - Islanders : 1 - Maple Leafs : 5.
18:15 of 2nd period - Brayden Schenn wins face-off versus Elias Pettersson in neutral zone.
18:46 of 2nd period - Minor Penalty to Brady Skjei for Tripping.
18:47 of 2nd period - Bo Horvat wins face-off versus Brayden Schenn in Islanders zone.
19:43 of 2nd period - Off-side.
19:44 of 2nd period - Brayden Schenn wins face-off versus Bo Horvat in neutral zone.
Goals for this period are 0 for Islanders vs 3 for Maple Leafs.
Shots for this period are 6 for Islanders vs 15 for Maple Leafs.
3rd period
0:01 of 3rd period - Bo Horvat wins face-off versus Brayden Schenn in neutral zone.
0:06 of 3rd period - Wrist shot by Andre Burakovsky.
0:06 of 3rd period - Shot Misses the Net.
0:26 of 3rd period - Snap shot by Elias Pettersson.
0:26 of 3rd period - Stopped by Joonas Korpisalo without a rebound.
0:27 of 3rd period - Brandon Sutter wins face-off versus Elias Pettersson in Islanders zone.
0:36 of 3rd period - William Nylander is hit by Ryan Ellis and loses puck.
0:46 of 3rd period - Penalty to Brady Skjei is over, Brady Skjei is back on ice.
0:53 of 3rd period - Slapshot by Yann Sauvé.
0:53 of 3rd period - Shot Misses the Net.
0:55 of 3rd period - Wrist shot by Kellan Lain.
0:55 of 3rd period - Stopped by Kristers Gudlevskis with a rebound.
0:57 of 3rd period - Slapshot by Yann Sauvé.
0:57 of 3rd period - Deflect By Jon Merrill.
0:57 of 3rd period - Stopped by Kristers Gudlevskis without a rebound.
0:58 of 3rd period - Brandon Sutter wins face-off versus Elias Pettersson in Maple Leafs zone.
1:19 of 3rd period - Dylan McIlrath is hit by Andre Burakovsky and loses puck.
1:52 of 3rd period - Wrist shot by Jamie Arniel.
1:52 of 3rd period - Stopped by Kristers Gudlevskis with a rebound.
1:58 of 3rd period - Wrist shot by Jamie Arniel.
1:58 of 3rd period - Shot Misses the Net.
2:00 of 3rd period - Snap shot by Emerson Etem.
2:00 of 3rd period - Shot Blocked by Zach Werenski.
2:02 of 3rd period - Wrist shot by Brady Skjei.
2:02 of 3rd period - Shot Misses the Net.
2:16 of 3rd period - Slapshot by Zach Werenski.
2:16 of 3rd period - Shot Misses the Net.
2:41 of 3rd period - Minor Penalty to Luke Schenn for Cross-checking.
2:42 of 3rd period - Patrice Cormier wins face-off versus Brayden Schenn in Maple Leafs zone.
2:58 of 3rd period - Snap shot by Vladimir Tarasenko.
2:58 of 3rd period - Goal by Vladimir Tarasenko - Islanders : 2 - Maple Leafs : 5.
2:59 of 3rd period - Evander Kane wins face-off versus Brayden Schenn in neutral zone.
3:01 of 3rd period - Off-side.
3:02 of 3rd period - Brayden Schenn wins face-off versus Elias Pettersson in neutral zone.
3:13 of 3rd period - Wrist shot by Elias Pettersson.
3:13 of 3rd period - Shot Blocked by Brady Skjei.
3:35 of 3rd period - Snap shot by Brandon Sutter.
3:35 of 3rd period - Shot Misses the Net.
3:41 of 3rd period - Snap shot by Kellan Lain.
3:41 of 3rd period - Shot Blocked by Zach Werenski.
5:22 of 3rd period - Brock McGinn is hit by Brendan Guhle and loses puck.
6:09 of 3rd period - Brandon Saad is hit by Ryan Ellis.
6:25 of 3rd period - Off-side.
6:26 of 3rd period - Pavel Kraskovsky wins face-off versus Bo Horvat in neutral zone.
6:31 of 3rd period - Slapshot by Zach Werenski.
6:31 of 3rd period - Shot Misses the Net.
6:33 of 3rd period - Snap shot by Jason Zucker.
6:33 of 3rd period - Shot Misses the Net.
6:35 of 3rd period - Snap shot by Jason Zucker.
6:35 of 3rd period - Stopped by Joonas Korpisalo with a rebound.
6:37 of 3rd period - Snap shot by William Nylander.
6:37 of 3rd period - Stopped by Joonas Korpisalo without a rebound.
6:38 of 3rd period - Elias Pettersson wins face-off versus Brandon Sutter in Islanders zone.
6:54 of 3rd period - Brandon Sutter is hit by Elias Pettersson and loses puck.
7:07 of 3rd period - Slapshot by Valentin Zykov.
7:07 of 3rd period - Deflect By Brady Skjei.
7:07 of 3rd period - Stopped by Joonas Korpisalo with a rebound.
7:17 of 3rd period - Backhand shot by Garnet Hathaway.
7:17 of 3rd period - Deflect By Brandon Sutter.
7:17 of 3rd period - Stopped by Kristers Gudlevskis with a rebound.
7:19 of 3rd period - Slapshot by Ryan Ellis.
7:19 of 3rd period - Shot Blocked by Brendan Guhle.
7:23 of 3rd period - Slapshot by Brandon Sutter.
7:23 of 3rd period - Stopped by Kristers Gudlevskis without a rebound.
7:24 of 3rd period - Brayden Schenn wins face-off versus Elias Pettersson in Maple Leafs zone.
7:41 of 3rd period - Snap shot by Brock McGinn.
7:41 of 3rd period - Shot Misses the Net.
8:11 of 3rd period - Icing by Nikita Zadorov.
8:12 of 3rd period - Pavel Kraskovsky wins face-off versus Elias Lindholm in Islanders zone.
8:19 of 3rd period - Pontus Aberg is hit by Pavel Kraskovsky and loses puck.
8:45 of 3rd period - Wrist shot by Andre Burakovsky.
8:45 of 3rd period - Shot Misses the Net.
9:06 of 3rd period - Wrist shot by Brandon Sutter.
9:06 of 3rd period - Shot Misses the Net.
9:24 of 3rd period - Brady Skjei is hit by Patrice Cormier and loses puck.
9:45 of 3rd period - Slapshot by Zach Werenski.
9:45 of 3rd period - Shot Misses the Net.
11:30 of 3rd period - Slapshot by Brady Skjei.
11:30 of 3rd period - Deflect By Vladimir Tarasenko.
11:30 of 3rd period - Stopped by Kristers Gudlevskis without a rebound.
11:31 of 3rd period - Brayden Schenn wins face-off versus Elias Lindholm in Maple Leafs zone.
11:50 of 3rd period - Wrist shot by Valentin Zykov.
11:50 of 3rd period - Shot Misses the Net.
11:52 of 3rd period - Snap shot by Pontus Aberg.
11:52 of 3rd period - Goal by Pontus Aberg - Islanders : 2 - Maple Leafs : 6.
11:53 of 3rd period - Andre Burakovsky wins face-off versus Brayden Schenn in neutral zone.
12:17 of 3rd period - Icing by Ryan Ellis.
12:18 of 3rd period - Brayden Schenn wins face-off versus Bo Horvat in Islanders zone.
12:24 of 3rd period - Minor Penalty to Garnet Hathaway for Cross-checking.
12:25 of 3rd period - Brayden Schenn wins face-off versus Bo Horvat in Islanders zone.
12:39 of 3rd period - Wrist shot by Brock McGinn.
12:39 of 3rd period - Stopped by Kristers Gudlevskis without a rebound.
12:40 of 3rd period - Brayden Schenn wins face-off versus Bo Horvat in Maple Leafs zone.
13:16 of 3rd period - Snap shot by Elias Pettersson.
13:16 of 3rd period - Goal by Elias Pettersson - Islanders : 2 - Maple Leafs : 7.
13:17 of 3rd period - Brayden Schenn wins face-off versus Andre Burakovsky in neutral zone.
13:32 of 3rd period - Wrist shot by Elias Pettersson.
13:32 of 3rd period - Stopped by Joonas Korpisalo without a rebound.
13:33 of 3rd period - Brandon Sutter wins face-off versus Bo Horvat in Islanders zone.
15:14 of 3rd period - Luke Schenn is hit by Sergei Plotnikov and loses puck.
15:19 of 3rd period - Snap shot by Brady Skjei.
15:19 of 3rd period - Shot Misses the Net.
15:21 of 3rd period - Wrist shot by Pavel Kraskovsky.
15:21 of 3rd period - Deflect By Brian Ferlin.
15:21 of 3rd period - Shot Misses the Net.
15:21 of 3rd period - Puck is out of play.
15:22 of 3rd period - Brayden Schenn wins face-off versus Bo Horvat in Maple Leafs zone.
15:49 of 3rd period - Vladimir Tarasenko is hit by John Klingberg.
15:53 of 3rd period - Wrist shot by Brayden Schenn.
15:53 of 3rd period - Shot Misses the Net.
16:04 of 3rd period - Minor Penalty to Brayden Schenn for Holding.
16:05 of 3rd period - Bo Horvat wins face-off versus Brandon Sutter in Islanders zone.
16:31 of 3rd period - Nikita Zadorov is hit by Jason Zucker and loses puck.
17:46 of 3rd period - Emerson Etem is hit by Andre Burakovsky and loses puck.
18:03 of 3rd period - Jason Zucker is hit by Nikita Zadorov and loses puck.
18:04 of 3rd period - Penalty to Brayden Schenn is over, Brayden Schenn is back on ice.
18:20 of 3rd period - Wrist shot by Nicholas Baptiste.
18:20 of 3rd period - Shot Misses the Net.
18:22 of 3rd period - Wrist shot by Nicholas Baptiste.
18:22 of 3rd period - Shot Misses the Net.
18:24 of 3rd period - Snap shot by Nicholas Baptiste.
18:24 of 3rd period - Stopped by Joonas Korpisalo with a rebound.
18:26 of 3rd period - Slapshot by Haydn Fleury.
18:26 of 3rd period - Stopped by Joonas Korpisalo without a rebound.
18:27 of 3rd period - Elias Lindholm wins face-off versus Brian Ferlin in Islanders zone.
18:52 of 3rd period - Pontus Aberg is hit by Brandon Sutter and loses puck.
19:21 of 3rd period - Snap shot by Brian Ferlin.
19:21 of 3rd period - Shot Misses the Net.
19:37 of 3rd period - Slapshot by Valentin Zykov.
19:37 of 3rd period - Shot Misses the Net.
Goals for this period are 1 for Islanders vs 2 for Maple Leafs.
Shots for this period are 8 for Islanders vs 9 for Maple Leafs.